Tone III, chaotic female elven Wizard ---- ---- -- |..|---...| . --..-|@.*..| -.--....|)|..-- |.........|--- ---........| |.....)(...| --.........| --......GG- |.......).- ---.....G.. ---.....- --.|... .|..- -- ..- -... --.-- -- Tone III the Evoker Experience level: 1 Strength: 10 Dexterity: 12 Constitution: 11 Intelligence: 18 Wisdom: 11 Charisma: 13 Health: 0(11) Energy: 4(7) Def: 1 Gold: 440 Moves: 563 Dungeon seed: RWtuJDOE-pbIIN-G Game ID: Tone III_1529269346 Your Inventory: Coins $ - 440 gold pieces Weapons a - a blessed +1 quarterstaff (weapon in hands) Armor e - an uncursed +0 cloak of magic resistance (being worn) Comestibles s - 2 uncursed food rations u - an uncursed orange Scrolls i - an uncursed scroll of light j - 2 uncursed scrolls of identify k - an uncursed scroll of magic mapping z - a cursed scroll of identify Spellbooks l - a blessed spellbook of force bolt m - an uncursed spellbook of extra healing Potions f - an uncursed potion of gain ability g - an uncursed potion of invisibility h - an uncursed potion of full healing r - an uncursed potion of water t - an uncursed potion of enlightenment Rings c - an uncursed ring of stealth d - an uncursed ring of see invisible Wands b - a wand of polymorph (0:5) p - a wand of sleep (0:5) Tools n - a magic marker (0:60) o - an uncursed bell Spells and supernatural/magical abilities: Name Level Category Fail Memory a - force bolt 1 attack 0% 98% x - extra healing 3 healing 91% 98% B - cure blindness 2 healing 62% 100% W - pray for help -- divine ? -- Your skills at the end: Fighting Skills Weapon Skills quarterstaff [Basic] Spellcasting Skills attack spells [Basic] enchantment spells [Basic] Final Attributes: You were piously aligned. You were magic-protected. You had infravision. You are dead. Vanquished creatures: a gas spore 3 jackals a grid bug 5 creatures vanquished. Voluntary challenges: You went without food. You used a wielded weapon 3 times, starting on turn 85. You read items or engraved 5 times, starting on turn 9. You never genocided any monsters. You never polymorphed an object. You never changed form. You used no wishes. You never split a pudding. You wrote Elbereth's name 2 times, starting on turn 9. You never violated your personal moral code. Dungeon overview: The Dungeons of Doom: levels 1 to 4 Level 1 a long staircase Level 2 an altar to Anhur Level 3 Level 4 a general store stairs to The Gnomish Mines The Gnomish Mines: Level 5 <- You were here stairs to The Dungeons of Doom History has recorded: On T:1 you entered the Dungeons of Doom to retrieve the Amulet of Yendor! On T:255 you reached level 2 of The Dungeons of Doom. On T:441 you reached level 3 of The Dungeons of Doom. On T:460 you reached level 4 of The Dungeons of Doom. On T:555 you reached level 1 of The Gnomish Mines. Score breakdown: Gold: 440 ( 8995 points) Experience: 1 level ( 0 points) Exploration: 5 levels ( 10.00%) ( 8571 points) Discoveries: 1 item ( 0.36%) ( 1802 points) Valuables value: (no points given unless you survive) Artifact value: 0 ( 0 points) Variety of kills: 3 monsters ( 0.79%) ( 2662 points) Turncount: 563 turns ( 0 points) Survival: died (score multiplied by 80%) Total score: 17624 Latest messages: You drop a scroll called prat 100 (unpaid, 133 zorkmids). You drop a scroll called tharr 60/80 (unpaid, 80 zorkmids). You drop a potion called murkey 100 (unpaid, 100 zorkmids). You bought a scroll of identify for 20 gold pieces. "Thank you for shopping in Aklavik's general store!" The spell hits the gas spore! You kill the gas spore! $ - 88 gold pieces. You miss the gnome. (2x) The gnome throws a dagger! The dagger misses the gnome lord. You are hit by a dagger. The gnome hits! The gnome lord wields a crossbow! The gnome lord throws a dagger! You are almost hit by a dagger. The gnome throws a dagger! The dagger hits the gnome lord. The gnome lord throws 2 daggers! You are almost hit by the 1st dagger. You are hit by the 2nd dagger! You die... Final status: Goodbye Tone III the Wizard, killed by a dagger... You died in The Gnomish Mines on dungeon level 5 with 17624 points, and 440 pieces of gold, after 563 moves. You were level 1 with a maximum of 11 hit points when you died.